Map: Tropical Sacrifice

Players

Baal - Winner!

  • Race: Zerg Zerg
  • League: Master
  • Spawn Location: 1:00

Xana

  • Race: Zerg Zerg
  • League: Bronze
  • Spawn Location: 7:00

VOD

Have the link to the VOD?

Description

Time

  • Played on: Aug. 18, 2022, 2:55 p.m.
  • Length: 17:39
Show
View Real Time Build Order
Export as new Build Order

Baal Zerg - Winner!

Build Orders: 1 Base Baneling Bust, Pool First, Lurkers, Zergling Baneling 

Get SALT Encoding   

  12  0:01  Drone  
  13  0:09  Drone  
  14  0:30  Drone, Spawning Pool  
  14  0:33  Extractor  
  13  0:42  Overlord  
  13  0:46  Drone  
  14  1:05  Drone  
  15  1:17  Zergling x6  
  18  1:24  Queen  
  20  1:29  Baneling Nest  
  20  1:31  Zergling x2  
  20  1:41  Zergling x2  
  21  1:53  Zergling x2  
  22  2:04  Overlord  
  21  2:30  Baneling x3  
  21  2:31  Baneling  
  17  2:54  Drone x4  
  17  2:55  Drone  
  21  2:59  Metabolic Boost  
  21  3:11  Zergling x2  
  22  3:14  Hatchery  
  22  3:18  Zergling x2  
  22  3:24  Lair  
  22  3:31  Extractor  
  22  3:32  Drone  
  22  3:34  Drone  
  23  3:39  Drone  
  24  3:43  Baneling x3  
  24  3:46  Drone  
  25  3:53  Drone x2  
  26  4:05  Zergling x4  
  27  4:10  Zergling x2  
  27  4:11  Zergling x2  
  29  4:18  Zergling x2  
  30  4:28  Zergling x4  
  32  4:31  Baneling x2  
  32  4:32  Baneling x2  
  32  4:38  Drone x4  
  36  4:49  Hydralisk Den  
  36  4:51  Drone  
  36  4:57  Overlord  
  36  5:09  Overlord  
  36  5:20  Spore Crawler  
  34  5:21  Spore Crawler  
  33  5:29  Hydralisk x4  
  41  5:35  Drone  
  42  5:45  Lurker Den  
  42  5:47  Drone x3  
  44  5:50  Drone  
  44  5:56  Hydralisk  
  47  6:11  Baneling x6  
  47  6:13  Drone x3  
  50  6:22  Extractor, Hydralisk  
  50  6:23  Extractor  
  50  6:30  Drone x2  
  52  6:39  Overlord x2  
  52  6:44  Grooved Spines  
  52  6:50  Overlord  
  49  7:03  Hydralisk x2  
  51  7:16  Drone x6  
  51  7:21  Zergling x2  
  58  7:31  Evolution Chamber x2  
  58  7:32  Drone x3  
  59  7:39  Hydralisk x3  
  59  7:41  Infestation Pit  
  64  7:48  Drone  
  65  7:52  Drone  
  65  7:54  Queen  
  65  7:55  Muscular Augments  
  68  7:59  Lurker x2  
  68  8:02  Hydralisk  
  72  8:13  Lurker  
  73  8:31  Hydralisk  
  75  8:36  Overlord x6  
  75  8:42  Hive  
  75  8:44  Zerg Missile Weapons Level 1  
  75  8:48  Zergling x2  
  56  9:43  Hydralisk x6  
  56  9:44  Hydralisk  
  62  9:51  Hydralisk  
  64  10:08  Zergling x6  
  64  10:11  Lurker x2  
  64  10:12  Lurker x2  
  64  10:13  Hydralisk  
  70  10:23  Hydralisk x2  
  74  10:29  Zerg Ground Armor Level 1  
  74  10:43  Hydralisk x4  
  82  10:53  Hydralisk x3  
  77  11:12  Hydralisk x4  
  85  11:22  Lurker  
  85  11:25  Zergling x10  
  91  11:43  Spire  
  90  11:50  Zergling x8  
  90  11:51  Zergling x6  
  97  11:58  Drone x2  
  99  12:06  Zerg Missile Weapons Level 2  
  99  12:16  Zergling x10  
  99  12:19  Spore Crawler  
  99  12:20  Hydralisk x4  
  111  12:32  Hydralisk x2  
  115  12:49  Hatchery  
  114  12:53  Zerg Ground Armor Level 2  
  114  12:56  Hydralisk x3  
  120  13:02  Overlord  
  120  13:03  Overlord x4  
  120  13:12  Seismic Spines  
  120  13:17  Zergling x2, Overlord  
  120  13:18  Zergling x6  
  124  13:24  Hydralisk x3  
  130  13:32  Roach Warren  
  129  13:35  Hydralisk  
  131  13:45  Overseer  
  131  13:49  Zergling x12  
  131  13:50  Zergling x2  
  138  13:57  Adrenal Glands  
  138  14:05  Zergling x8  
  142  14:20  Glial Reconstitution  
  142  14:22  Zerg Flyer Weapons Level 1  
  142  14:24  Mutalisk  
  144  14:37  Zergling x2  
  144  14:38  Zergling x14  
  151  14:43  Zergling x6  
  155  14:48  Lurker x2  
  157  14:57  Spore Crawler  
  157  14:58  Spore Crawler  
  155  15:17  Mutalisk x3  
  161  15:37  Mutalisk x2  
  161  15:41  Zergling x4  
  161  15:42  Zergling x10  
  172  16:12  Overlord x4  
  162  16:46  Hydralisk x2  
Show
View Real Time Build Order
Export as new Build Order

Xana Zerg 

Build Orders: Pool First 

Get SALT Encoding   

  12  0:00  Drone  
  13  0:13  Overlord  
  13  0:19  Drone  
  14  0:31  Drone x2  
  16  0:46  Extractor  
  16  0:47  Drone  
  16  0:48  Spawning Pool  
  15  0:51  Drone  
  16  1:16  Hatchery  
  15  1:19  Drone  
  16  1:27  Drone x2  
  16  1:32  Drone  
  19  1:45  Queen  
  21  1:52  Overlord  
  21  2:03  Spine Crawler  
  21  2:07  Zergling x4  
  22  2:14  Zergling x2  
  22  2:35  Zergling x6  
  15  2:52  Zergling x4  
  16  3:01  Zergling x4  
  16  3:03  Drone x2  
  20  3:31  Drone  
  20  3:32  Drone x3  
  24  3:41  Drone x2  
  26  4:02  Drone x4  
  29  4:23  Drone x3  
  29  4:24  Drone  
  32  4:35  Roach Warren  
  31  4:41  Overlord  
  31  4:46  Queen  
  31  4:47  Drone  
  31  4:49  Drone  
  31  4:52  Drone  
  36  5:00  Overlord  
  36  5:03  Overlord  
  36  5:09  Drone  
  36  5:10  Drone x2  
  36  5:14  Drone  
  38  5:30  Roach x3  
  38  5:34  Drone x2  
  46  5:41  Extractor  
  45  5:43  Lair  
  45  5:47  Drone x2  
  48  5:50  Drone x2  
  48  5:56  Extractor, Drone x2  
  50  5:57  Extractor  
  49  6:04  Drone  
  49  6:05  Drone  
  51  6:21  Overlord x4  
  51  6:41  Drone  
  51  6:42  Drone x2  
  51  6:44  Roach x4  
  51  6:45  Roach x3  
  66  7:03  Roach x3  
  72  7:12  Evolution Chamber  
  72  7:13  Evolution Chamber  
  72  7:14  Glial Reconstitution  
  70  7:18  Drone x4  
  70  7:22  Drone x3  
  77  7:27  Roach  
  79  7:34  Drone x2  
  81  7:39  Zerg Missile Weapons Level 1, Zerg Ground Armor Level 1  
  81  7:48  Overlord  
  81  7:50  Overlord  
  81  8:01  Hatchery  
  80  8:09  Hydralisk Den  
  80  8:11  Drone  
  80  8:12  Spore Crawler, Drone x2  
  81  8:13  Drone x2  
  81  8:14  Drone  
  81  8:17  Spore Crawler  
  81  8:19  Spore Crawler  
  82  8:33  Roach x4  
  90  8:45  Overseer  
  90  8:48  Overlord x3  
  90  9:00  Grooved Spines  
  90  9:01  Hydralisk x4  
  98  9:10  Overlord x4  
  98  9:14  Roach  
  100  9:21  Queen  
  102  9:33  Hydralisk x2  
  102  9:34  Hydralisk, Roach x4  
  102  9:38  Overseer  
  110  9:39  Overlord  
  110  9:43  Zerg Missile Weapons Level 2  
  110  9:45  Zerg Ground Armor Level 2  
  106  9:54  Overseer  
  106  9:56  Overseer  
  106  10:11  Muscular Augments, Hydralisk x3, Roach x3  
  106  10:12  Roach x2  
  120  10:20  Drone x4  
  122  10:52  Hydralisk x5, Roach x2  
  122  10:53  Roach x3  
  112  11:09  Overlord x4  
  112  11:12  Overseer x2  
  112  11:24  Infestation Pit  
  111  11:27  Drone  
  111  11:28  Drone x8  
  111  11:31  Extractor  
  119  11:33  Extractor  
  119  11:36  Hydralisk  
  119  11:37  Roach  
  119  11:38  Roach  
  124  11:56  Drone  
  124  11:59  Drone x2  
  127  12:05  Drone  
  127  12:06  Drone x4  
  132  12:16  Hydralisk x3  
  132  12:17  Roach x4  
  146  12:26  Hatchery  
  145  12:37  Hive  
  145  13:07  Hydralisk x2  
  145  13:08  Hydralisk x4, Roach x5  
  145  13:09  Roach  
  169  13:17  Overseer  
  169  13:37  Nydus Network  
  169  13:38  Queen  
  169  13:40  Extractor  
  169  13:44  Extractor  
  168  13:49  Hydralisk x2, Roach x2  
  168  13:55  Hatchery  
  175  13:58  Overlord x3  
  175  13:59  Overlord x6  
  175  14:03  Overseer x2  
  175  14:19  Zergling x2  
  175  14:20  Zergling x6  
  175  14:21  Zergling x4  
  175  14:22  Zergling x4  
  175  14:23  Zergling x2  
  184  14:25  Overseer  
  184  14:28  Drone  
  184  14:29  Drone x6  
  184  14:31  Hydralisk, Roach x3  
  198  15:09  Overlord  
  198  15:10  Overlord x3  
  198  15:18  Drone x2  
  200  15:22  Spore Crawler  
  200  15:23  Spore Crawler x2  
  200  15:24  Drone x2  
  200  15:25  Drone  
  94  16:34  Hydralisk  
  94  16:35  Hydralisk x7, Roach x4  
  94  16:36  Hydralisk x7, Roach x7  
  94  16:37  Roach x7, Hydralisk x3  
  162  16:57  Ravager x2  
  152  17:11  Hydralisk x6, Roach x2  
  152  17:12  Roach x4  
Tags
 
Add a new tag
Caveats
  • Supply blocks, unpowered buildings, or Contaminate may cause inaccurate times.
  • Supply counts are checked every 10 seconds.